cohdb
Replays
Latest Replays
All Replays
Popular Replays
Top Player Replays
Match Explorer
How It Works
Community
CoH3 Stats
Reddit
Sign in to upload your games and track your stats! →
Sign in with Steam
Match 39811878
Unlisted
Match 39811878
Overview
Messages
Build Orders
End
Construct Infanterie Kompanie
Selects Terror Battlegroup
MG 42 Machine Gun Team
Grenadier Squad
Construct Panzergrenadier Kompanie
Selects Heavy Gunnery
Panzergrenadier Squad
251 Medium Carrier
Selects Interrogate
Panzergrenadier Officer Quarters
251 Medium Carrier
Medical Station
Pak 40 Anti-tank Gun Team
MG 42 Machine Gun Team
Panzergrenadier Squad
Pioneer Squad
Construct Panzer Kompanie
Selects Defend the Fatherland
Pak 40 Anti-tank Gun Team
Pak 40 Anti-tank Gun Team
Selects Propaganda Leaflet Drop
Panzer IV Medium Tank
kenleung
神奇香蕉
Lone Duck
寶兔兔
玉米
Martial Law Commander
Symboli
Yoon Suk-yeol
0
0
Comments
sign in to comment!
No comments posted yet!